General information
- name: BNet
- type: Ladder team game (AT/RT)
- host: Battle.net
- saver: WesFSTGDB
map: FullScaleAssault
- players: 8
- length: 23:16
- speed: Fast
- version: 1.25 W3XP
- replay type: Public
» download(216 KB)
Players
team 1 (loser)
WesFSTGDB (
purple | 86 APM | 2001 actions | 23:16)
5 Death Knight
2 Death Coil
3 Unholy Aura
3 Dark Ranger
2 Black Arrow
1 Silence
» actions
| Assign group hotkey | 19 | |
| Basic commands | 463 | |
| Build / train | 74 | |
| ESC pressed | 1 | |
| Enter build submenu | 22 | |
| Enter hero's abilities submenu | 8 | |
| Give item / drop item | 9 | |
| Remove unit from queue | 1 | |
| Right click | 608 | |
| Select / deselect | 387 | |
| Select group hotkey | 327 | |
| Use ability | 82 | |
2001 total
» units
| Acolyte | 9 | |
| Ghoul | 3 | |
| Crypt Fiend | 9 | |
| Obsidian Statue | 4 | |
| Gargoyle | 2 | |
| Blue Drake | 1 | |
| Frost Wyrm | 5 | |
33 total
» upgrades
| Creature Attack | 3 | |
| Creature Carapace | 3 | |
| Web | 1 | |
| Destroyer Form | 1 | |
8 total
» buildings
| Graveyard | 1 | |
| Crypt | 2 | |
| Ziggurat | 8 | |
| Altar of Darkness | 1 | |
| Tomb of Relics | 1 | |
| Halls of the Dead | 2 | |
| Necropolis | 1 | |
| Black Citadel | 1 | |
| Sacrificial Pit | 1 | |
| Slaughterhouse | 1 | |
| Boneyard | 2 | |
21 total
» build order
00:18 Graveyard
01:01 Crypt
01:02 Ziggurat
01:19 Ziggurat
01:22 Altar of Darkness
01:38 Tomb of Relics
03:02 Crypt
04:02 Ziggurat
05:23 Halls of the Dead
07:31 Necropolis
08:19 Ziggurat
10:48 Black Citadel
11:22 Sacrificial Pit
11:23 Slaughterhouse
13:02 Ziggurat
13:03 Ziggurat
13:06 Ziggurat
14:16 Boneyard
14:17 Boneyard
17:37 Ziggurat
» items
| Rod of Necromancy | 1 | |
| Scroll of Town Portal | 3 | |
| Scroll of Healing | 3 | |
| Scroll of Protection | 2 | |
9 total
EaRtH_PaNdA (
teal | 66 APM | 1538 actions | 23:16)
4 Death Knight
2 Death Coil
2 Unholy Aura
3 Lich
2 Frost Nova
1 Frost Armor
» actions
| Assign group hotkey | 179 | |
| Build / train | 56 | |
| Enter build submenu | 24 | |
| Enter hero's abilities submenu | 7 | |
| Give item / drop item | 3 | |
| Remove unit from queue | 2 | |
| Right click | 840 | |
| Select / deselect | 236 | |
| Select group hotkey | 101 | |
| Use ability | 90 | |
1538 total
» units
| Acolyte | 2 | |
| Ghoul | 5 | |
| Crypt Fiend | 9 | |
| Obsidian Statue | 3 | |
| Frost Wyrm | 6 | |
25 total
» upgrades
| Creature Attack | 3 | |
| Creature Carapace | 1 | |
| Web | 1 | |
| Freezing Breath | 1 | |
| Destroyer Form | 1 | |
7 total
» buildings
| Altar of Darkness | 1 | |
| Crypt | 1 | |
| Ziggurat | 7 | |
| Graveyard | 2 | |
| Tomb of Relics | 1 | |
| Halls of the Dead | 2 | |
| Slaughterhouse | 1 | |
| Black Citadel | 2 | |
| Sacrificial Pit | 1 | |
| Boneyard | 2 | |
20 total
» build order
00:17 Altar of Darkness
00:20 Crypt
00:33 Ziggurat
00:57 Graveyard
01:07 Graveyard
01:38 Ziggurat
01:41 Ziggurat
02:19 Tomb of Relics
02:44 Ziggurat
05:01 Halls of the Dead
07:58 Slaughterhouse
08:05 Ziggurat
08:44 Black Citadel
08:45 Black Citadel
08:48 Sacrificial Pit
09:33 Ziggurat
11:06 Boneyard
11:11 Boneyard
17:30 Ziggurat
» items
| Rod of Necromancy | 2 | |
| Orb of Corruption | 2 | |
| Scroll of Town Portal | 3 | |
| Scroll of Healing | 1 | |
| Scroll of Protection | 1 | |
9 total

»
JohnTravolta (
pink | 64 APM | 1380 actions | 21:38)
5 Dreadlord
3 Vampiric Aura
2 Sleep
3 Death Knight
2 Death Coil
1 Unholy Aura
» actions
| Assign group hotkey | 71 | |
| Basic commands | 103 | |
| Build / train | 73 | |
| Enter build submenu | 12 | |
| Enter hero's abilities submenu | 9 | |
| Give item / drop item | 3 | |
| Right click | 494 | |
| Select / deselect | 244 | |
| Select group hotkey | 323 | |
| Use ability | 48 | |
1380 total
» units
» upgrades
| Cannibalize | 1 | |
| Creature Carapace | 3 | |
| Creature Attack | 3 | |
| Stone Form | 1 | |
8 total
» buildings
| Crypt | 2 | |
| Altar of Darkness | 1 | |
| Ziggurat | 5 | |
| Tomb of Relics | 1 | |
| Halls of the Dead | 1 | |
| Graveyard | 1 | |
| Black Citadel | 1 | |
| Sacrificial Pit | 1 | |
13 total
» build order
00:11 Crypt
00:15 Altar of Darkness
00:34 Ziggurat
01:08 Crypt
01:39 Ziggurat
02:07 Tomb of Relics
03:22 Halls of the Dead
04:12 Graveyard
04:15 Ziggurat
04:16 Ziggurat
09:31 Black Citadel
14:52 Ziggurat
19:45 Sacrificial Pit
» items
| Rod of Necromancy | 1 | |
| Potion of Healing | 4 | |
| Sacrificial Skull | 1 | |
| Scroll of Town Portal | 3 | |
| Potion of Lesser Invulnerability | 2 | |
| Scroll of Regeneration | 1 | |
| Staff of Sanctuary | 1 | |
| Scroll of Protection | 1 | |
| Orb of Corruption | 1 | |
| Scroll of Healing | 1 | |
16 total
Angel-of-Fate4 (
orange | 40 APM | 930 actions | 23:16)
4 Archmage
2 Summon Water Elemental
2 Blizzard
3 Paladin
2 Holy Light
1 Divine Shield
1 Mountain King
1 Storm Bolt
» actions
| Assign group hotkey | 10 | |
| Basic commands | 62 | |
| Build / train | 75 | |
| Enter build submenu | 26 | |
| Enter hero's abilities submenu | 8 | |
| Give item / drop item | 2 | |
| Remove unit from queue | 1 | |
| Right click | 360 | |
| Select / deselect | 303 | |
| Select group hotkey | 18 | |
| Use ability | 65 | |
930 total
» units
| Peasant | 14 | |
| Footman | 6 | |
| Goblin Shredder | 1 | |
| Knight | 10 | |
| Siege Engine | 5 | |
| Mortar Team | 2 | |
| Spell Breaker | 4 | |
42 total
» upgrades
| Masonry | 1 | |
| Swords | 3 | |
| Plating | 3 | |
| Barrage | 1 | |
| Fragmentation Shards | 1 | |
| Animal War Training | 1 | |
| Gunpowder | 3 | |
| Armor | 1 | |
| Control Magic | 1 | |
15 total
» buildings
| Altar of Kings | 1 | |
| Barracks | 2 | |
| Farm | 11 | |
| Arcane Vault | 1 | |
| Town Hall | 3 | |
| Keep | 1 | |
| Lumber Mill | 1 | |
| Castle | 1 | |
| Blacksmith | 2 | |
| Workshop | 2 | |
| Arcane Sanctum | 2 | |
27 total
» build order
00:08 Altar of Kings
00:23 Barracks
00:38 Farm
01:16 Farm
01:52 Farm
02:59 Farm
03:19 Arcane Vault
04:21 Town Hall
04:23 Keep
04:46 Farm
05:39 Lumber Mill
06:16 Farm
06:56 Castle
07:03 Barracks
07:45 Blacksmith
08:08 Blacksmith
09:21 Workshop
09:31 Farm
10:39 Workshop
10:47 Farm
12:49 Town Hall
12:52 Town Hall
13:07 Farm
14:53 Farm
16:24 Farm
20:12 Arcane Sanctum
20:22 Arcane Sanctum
» items
| Scroll of Regeneration | 1 | |
| Orb of Fire | 1 | |
| Scroll of Town Portal | 1 | |
| Potion of Lesser Invulnerability | 1 | |
4 total
team 2 (winner)
Hell.Driver (
blue | 77 APM | 1795 actions | 23:16)
5 Far Seer
3 Feral Spirit
2 Chain Lighting
4 Shadow Hunter
2 Healing Wave
2 Hex
» actions
| Assign group hotkey | 20 | |
| Basic commands | 126 | |
| Build / train | 82 | |
| ESC pressed | 2 | |
| Enter build submenu | 33 | |
| Enter hero's abilities submenu | 9 | |
| Give item / drop item | 1 | |
| Right click | 656 | |
| Select / deselect | 410 | |
| Select group hotkey | 328 | |
| Use ability | 127 | |
1795 total
» units
| Peon | 18 | |
| Grunt | 4 | |
| Tauren | 4 | |
| Shaman | 3 | |
| Troll Batrider | 13 | |
| Blue Drake | 1 | |
43 total
» upgrades
| Melee Weapons | 1 | |
| Berserker Strength | 1 | |
| Armor | 2 | |
| Spiked Barricades | 1 | |
| Shaman Training | 2 | |
| Pulverize | 1 | |
| Reinforced Defenses | 1 | |
9 total
» buildings
| Altar of Storms | 1 | |
| Orc Burrow | 8 | |
| Barracks | 1 | |
| Voodoo Lounge | 1 | |
| Stronghold | 4 | |
| War Mill | 1 | |
| Watch Tower | 8 | |
| Fortress | 2 | |
| Spirit Lodge | 1 | |
| Tauren Totem | 2 | |
| Great Hall | 3 | |
| Beastiary | 2 | |
34 total
» build order
00:05 Altar of Storms
00:09 Orc Burrow
00:50 Barracks
01:29 Orc Burrow
01:32 Orc Burrow
01:52 Voodoo Lounge
02:44 Stronghold
02:45 Stronghold
02:45 Stronghold
03:20 War Mill
04:05 Orc Burrow
04:55 Watch Tower
07:03 Fortress
07:26 Watch Tower
07:31 Spirit Lodge
09:13 Watch Tower
09:16 Watch Tower
09:47 Tauren Totem
10:22 Tauren Totem
10:25 Orc Burrow
11:12 Great Hall
11:14 Great Hall
13:39 Orc Burrow
13:49 Beastiary
16:31 Beastiary
16:47 Orc Burrow
17:23 Watch Tower
19:13 Great Hall
19:57 Watch Tower
19:58 Watch Tower
20:00 Orc Burrow
21:09 Watch Tower
» items
| Lesser Clarity Potion | 2 | |
| Healing Salve | 3 | |
| Scroll of Town Portal | 3 | |
| Orb of Lightning | 1 | |
9 total
el_taco_Es_amor (
green | 66 APM | 1540 actions | 23:16)
5 Mountain King
3 Storm Bolt
2 Bash
3 Paladin
1 Holy Light
2 Devotion Aura
» actions
| Assign group hotkey | 43 | |
| Basic commands | 107 | |
| Build / train | 95 | |
| Enter build submenu | 21 | |
| Enter hero's abilities submenu | 8 | |
| Give item / drop item | 3 | |
| Remove unit from queue | 2 | |
| Right click | 401 | |
| Select / deselect | 255 | |
| Select group hotkey | 492 | |
| Use ability | 113 | |
1540 total
» units
| Peasant | 20 | |
| Footman | 9 | |
| Goblin Shredder | 1 | |
| Gryphon Rider | 12 | |
| Blue Dragon | 1 | |
| Blue Drake | 1 | |
| Siege Engine | 6 | |
50 total
» upgrades
| Defend | 1 | |
| Lumber Harvesting | 2 | |
| Masonry | 1 | |
| Storm Hammers | 1 | |
| Swords | 3 | |
| Armor | 2 | |
| Barrage | 1 | |
| Gunpowder | 2 | |
13 total
» buildings
| Altar of Kings | 1 | |
| Barracks | 1 | |
| Farm | 15 | |
| Lumber Mill | 1 | |
| Scout Tower | 5 | |
| Town Hall | 1 | |
| Keep | 2 | |
| Arcane Tower | 1 | |
| Arcane Vault | 1 | |
| Guard Tower | 4 | |
| Blacksmith | 1 | |
| Castle | 1 | |
| Gryphon Aviary | 3 | |
| Workshop | 3 | |
40 total
» build order
00:10 Altar of Kings
00:19 Barracks
00:27 Farm
00:49 Farm
01:44 Farm
02:23 Lumber Mill
02:53 Scout Tower
03:59 Town Hall
04:03 Scout Tower
04:04 Scout Tower
04:06 Scout Tower
04:07 Scout Tower
04:13 Keep
04:13 Keep
04:27 Arcane Tower
04:40 Arcane Vault
04:55 Guard Tower
06:04 Guard Tower
06:07 Guard Tower
06:26 Guard Tower
06:42 Blacksmith
07:24 Castle
08:53 Gryphon Aviary
08:55 Gryphon Aviary
09:02 Gryphon Aviary
09:07 Farm
09:07 Farm
09:08 Farm
10:47 Farm
10:48 Farm
10:48 Farm
10:48 Farm
13:54 Farm
13:54 Farm
14:16 Farm
16:25 Workshop
16:25 Workshop
16:26 Workshop
» items
| Boots of Speed | 2 | |
| Scroll of Town Portal | 3 | |
| Potion of Healing | 1 | |
| Potion of Mana | 1 | |
| Periapt of Vitality | 1 | |
| Scroll of Protection | 1 | |
| Potion of Lesser Invulnerability | 1 | |
| Scroll of Regeneration | 2 | |
12 total

»
GayDeathKnight (
yellow | 103 APM | 2390 actions | 23:16)
5 Death Knight
3 Death Coil
2 Unholy Aura
4 Lich
2 Frost Nova
2 Frost Armor
3 Dreadlord
2 Sleep
1 Vampiric Aura
» actions
| Assign group hotkey | 42 | |
| Basic commands | 26 | |
| Build / train | 86 | |
| Enter build submenu | 18 | |
| Enter hero's abilities submenu | 12 | |
| Give item / drop item | 4 | |
| Remove unit from queue | 1 | |
| Right click | 885 | |
| Select / deselect | 348 | |
| Select group hotkey | 861 | |
| Use ability | 107 | |
2390 total
» units
| Acolyte | 9 | |
| Ghoul | 2 | |
| Crypt Fiend | 10 | |
| Goblin Shredder | 1 | |
| Frost Wyrm | 6 | |
28 total
» upgrades
| Creature Attack | 3 | |
| Creature Carapace | 3 | |
| Web | 1 | |
| Burrow | 1 | |
| Freezing Breath | 1 | |
9 total
» buildings
| Crypt | 2 | |
| Graveyard | 1 | |
| Altar of Darkness | 1 | |
| Ziggurat | 9 | |
| Tomb of Relics | 1 | |
| Nerubian Tower | 2 | |
| Halls of the Dead | 4 | |
| Spirit Tower | 2 | |
| Necropolis | 1 | |
| Black Citadel | 2 | |
| Sacrificial Pit | 1 | |
| Boneyard | 3 | |
29 total
» build order
00:12 Crypt
00:19 Graveyard
00:43 Altar of Darkness
00:59 Ziggurat
01:23 Tomb of Relics
01:59 Ziggurat
03:19 Ziggurat
04:51 Nerubian Tower
04:53 Ziggurat
05:48 Halls of the Dead
05:48 Halls of the Dead
05:48 Halls of the Dead
06:13 Spirit Tower
06:16 Necropolis
06:36 Ziggurat
06:39 Ziggurat
06:40 Ziggurat
06:55 Nerubian Tower
07:00 Ziggurat
07:38 Ziggurat
07:42 Spirit Tower
08:18 Black Citadel
08:22 Sacrificial Pit
10:40 Boneyard
10:41 Boneyard
10:41 Boneyard
14:33 Crypt
» items
| Rod of Necromancy | 3 | |
| Sacrificial Skull | 1 | |
| Potion of Healing | 1 | |
| Potion of Mana | 2 | |
| Orb of Corruption | 1 | |
| Scroll of Town Portal | 4 | |
| Scroll of Healing | 1 | |
13 total

»
Manolete (
red | 169 APM | 3936 actions | 23:16)
4 Archmage
2 Summon Water Elemental
2 Brilliance Aura
4 Mountain King
2 Storm Bolt
2 Bash
» actions
| Assign group hotkey | 32 | |
| Basic commands | 273 | |
| Build / train | 88 | |
| ESC pressed | 2 | |
| Enter build submenu | 24 | |
| Enter hero's abilities submenu | 8 | |
| Give item / drop item | 3 | |
| Right click | 649 | |
| Select / deselect | 656 | |
| Select group hotkey | 2107 | |
| Use ability | 94 | |
3936 total
» units
| Peasant | 19 | |
| Priest | 18 | |
| Knight | 13 | |
| Rifleman | 2 | |
| Spell Breaker | 1 | |
53 total
» upgrades
| Lumber Harvesting | 1 | |
| Priest Training | 2 | |
| Animal War Training | 1 | |
| Swords | 1 | |
| Plating | 1 | |
6 total
» buildings
| Farm | 13 | |
| Scout Tower | 1 | |
| Altar of Kings | 1 | |
| Arcane Tower | 1 | |
| Keep | 4 | |
| Arcane Vault | 1 | |
| Barracks | 2 | |
| Lumber Mill | 1 | |
| Blacksmith | 1 | |
| Arcane Sanctum | 2 | |
| Castle | 2 | |
| Town Hall | 3 | |
32 total
» build order
01:07 Farm
01:11 Scout Tower
01:12 Altar of Kings
01:23 Farm
01:40 Arcane Tower
02:51 Keep
02:51 Keep
02:58 Arcane Vault
03:03 Farm
04:06 Barracks
04:10 Lumber Mill
04:41 Farm
04:43 Farm
04:47 Blacksmith
05:19 Arcane Sanctum
05:22 Castle
05:22 Castle
05:26 Barracks
05:32 Arcane Sanctum
07:01 Farm
07:02 Farm
07:04 Farm
07:05 Farm
08:05 Town Hall
13:04 Town Hall
17:57 Farm
17:58 Farm
17:59 Farm
18:00 Farm
21:11 Town Hall
» items
Chat log
(00:22 / Allies) EaRtH_PaNdA: 3 ud
(00:25 / Allies) EaRtH_PaNdA: o.o
(00:28 / Allies) JohnTravolta: LOTS OF WYRMS
(00:34 / Allies) WesFSTGDB: just rush
(00:37 / Allies) EaRtH_PaNdA: yeah
(00:40 / Allies) EaRtH_PaNdA: cause if they have a orc
(00:44 / Allies) EaRtH_PaNdA: we're screwed lat game
(00:53 / Allies) JohnTravolta: RUSH ON THIS MAP SUCKS
(00:57 / Allies) JohnTravolta: LETS AT LEAST MASS THEN RUSH
(00:58 / Allies) JohnTravolta: TWO RAX
(01:06 / Allies) WesFSTGDB: earth panda
(01:10 / Allies) EaRtH_PaNdA: wat
(01:11 / Allies) WesFSTGDB: my sources tell me you're a drop hacker?
(01:19 / Allies) EaRtH_PaNdA: your sources?
(01:24 / Allies) EaRtH_PaNdA: i hacked a while ago
(01:24 / Allies) JohnTravolta: DL HERE
(01:27 / Allies) WesFSTGDB: georgetakei?
(01:27 / Allies) EaRtH_PaNdA: but not dh
(01:32 / Allies) EaRtH_PaNdA: hes a hater
(01:35 / Allies) EaRtH_PaNdA: always saying that
(01:45 / Allies) EaRtH_PaNdA: cause he lost to me
(01:51 / Allies) EaRtH_PaNdA: hes the only hacker
(02:25 / Allies) EaRtH_PaNdA: so
(02:27 / Allies) EaRtH_PaNdA: r we rushing
(02:27 / Allies) EaRtH_PaNdA: or
(02:37 / Allies) Angel-of-Fate4: no
(04:29 / Allies) WesFSTGDB: you really went ghouls?
(04:33 / Allies) JohnTravolta: NOPE
(04:35 / Allies) JohnTravolta: GARGS
(04:37 / Allies) JohnTravolta: TO COME
(04:37 / Allies) EaRtH_PaNdA: o wow lol
(05:02 / Allies) WesFSTGDB: well i'm massing
(05:05 / Allies) WesFSTGDB: so are we rushing or not?
(05:14 / Allies) EaRtH_PaNdA: start tech
(05:18 / Allies) EaRtH_PaNdA: and lets harrass
(06:02 / Allies) JohnTravolta: OMW TEAL
(06:11 / Allies) Angel-of-Fate4: go
(09:51 / Allies) EaRtH_PaNdA: n
(09:54 / Allies) EaRtH_PaNdA: b
(10:09 / Allies) WesFSTGDB: I find that awesome you chose to go gargs
(10:10 / Allies) JohnTravolta: STATS ANYONES?
(10:11 / Allies) EaRtH_PaNdA: creep mid
(10:28 / Allies) JohnTravolta: I'M AA
(10:31 / Allies) JohnTravolta: WATS ODD ABOUT THAT?
(11:05 / Allies) JohnTravolta: WE DIDN'T HAVE PURP WITH US WHEN WE FOUGHT
(11:08 / Allies) JohnTravolta: THATS Y WE LOST THAT FIGHT
(11:12 / Allies) WesFSTGDB: lol
(11:33 / Allies) WesFSTGDB: actually got an expo..
(11:44 / Allies) WesFSTGDB: go i'm tping
(12:28 / Allies) JohnTravolta: NEED TP
(12:37 / Allies) EaRtH_PaNdA: im creeping mid
(12:44 / Allies) EaRtH_PaNdA: we need those items and exp
(12:45 / Allies) EaRtH_PaNdA: !
(12:47 / Allies) JohnTravolta: K
(12:54 / Allies) JohnTravolta: I COME
(13:03 / Allies) JohnTravolta: WAIT FOR ME
(13:06 / Allies) JohnTravolta: I CAN DOWN DRAGONS FAST
(13:16 / All) WesFSTGDB: traded some heroes and reds expo for an expo
(13:18 / All) WesFSTGDB: nice trade
(13:31 / All) GayDeathKnight: lol
(13:35 / Allies) EaRtH_PaNdA: nice
(13:35 / Allies) EaRtH_PaNdA: drums
(13:36 / Allies) EaRtH_PaNdA: gg
(13:39 / Allies) EaRtH_PaNdA: lol
(14:10 / Allies) WesFSTGDB: meet
(14:22 / Allies) EaRtH_PaNdA: y did u tell them
(14:25 / Allies) EaRtH_PaNdA: we were doing reds
(14:25 / Allies) EaRtH_PaNdA: wtf
(14:34 / Allies) WesFSTGDB: i killed reds is what I said
(14:37 / Allies) WesFSTGDB: reds expo..
(14:44 / Allies) EaRtH_PaNdA: oh
(14:46 / Allies) EaRtH_PaNdA: i thought u said
(14:51 / Allies) WesFSTGDB: yeah I didn't
(14:53 / Allies) WesFSTGDB: lets meet and go
(14:58 / Allies) EaRtH_PaNdA: u traded heros for reds and expos
(14:59 / Allies) JohnTravolta: LETS MEET
(15:02 / Allies) JohnTravolta: AND CREEP MID
(15:25 / Allies) WesFSTGDB: don't run in front with your hero
(15:34 / Allies) EaRtH_PaNdA: gold plz
(15:49 / Allies) EaRtH_PaNdA: nice
(15:51 / Allies) EaRtH_PaNdA: they got alot of air
(16:36 / Allies) WesFSTGDB: this way don't chase
(16:54 / Allies) EaRtH_PaNdA: omw purp
(17:34 / Allies) JohnTravolta: SEE
(17:38 / Allies) JohnTravolta: GARGS WOUND UP BEING GOOD
(17:42 / Allies) JohnTravolta: GRIPHS AND DRAGONS
(17:49 / Allies) EaRtH_PaNdA: its a rare luck out tho
(17:53 / Allies) JohnTravolta: NAH
(17:55 / Allies) JohnTravolta: THIS MAP
(17:57 / Allies) JohnTravolta: GARGS ARE GOOD
(18:05 / Allies) EaRtH_PaNdA: get scrolls
(18:06 / Allies) JohnTravolta: NOT ALL MAPS THOUGH
(18:06 / Allies) EaRtH_PaNdA: every1
(18:23 / Allies) WesFSTGDB: GO
(19:11 / Allies) WesFSTGDB: now
(19:11 / Allies) WesFSTGDB: OUT
(19:12 / Allies) EaRtH_PaNdA: u all left
(19:26 / Allies) EaRtH_PaNdA: orange
(19:26 / Allies) EaRtH_PaNdA: wtf
(19:44 / Allies) WesFSTGDB: we have no dispell
(19:52 / Allies) WesFSTGDB: they have tanks and mass air with mass melee
(19:54 / Allies) WesFSTGDB: we lose
(20:03 / Allies) EaRtH_PaNdA: orange
(20:05 / Allies) EaRtH_PaNdA: get priests
(20:07 / Allies) EaRtH_PaNdA: and casters
(20:07 / Allies) Angel-of-Fate4: what
(20:10 / Allies) EaRtH_PaNdA: with ur tanks
(20:11 / Allies) WesFSTGDB: just need breakers
(20:13 / Allies) WesFSTGDB: and we'd win
(20:13 / Allies) Angel-of-Fate4: k
(20:18 / Allies) EaRtH_PaNdA: k then get breakers
(20:20 / Allies) WesFSTGDB: we fight here
(20:22 / Allies) WesFSTGDB: let them kill my base
(20:38 / Allies) EaRtH_PaNdA: u still got a army?
(20:40 / Allies) WesFSTGDB: yes
(20:43 / Allies) EaRtH_PaNdA: awsome
(20:59 / Allies) EaRtH_PaNdA: im sure they will start playing dumb if they thing they won
(21:09 / Allies) JohnTravolta: NAH
(21:10 / Allies) EaRtH_PaNdA: wtf
(21:11 / Allies) JohnTravolta: LOL WE FUCKED
(21:15 / Allies) EaRtH_PaNdA: where did all ur gargs go
(21:16 / Allies) EaRtH_PaNdA: ........
(21:30 / Allies) WesFSTGDB: k tp to pink
(21:40 / Allies) WesFSTGDB: k tp out
(21:44 / Allies) EaRtH_PaNdA: lol
(21:48 / Allies) EaRtH_PaNdA: orange
(21:48 / All) GayDeathKnight: gg boys
(22:06 / Allies) WesFSTGDB: you're kinda dumb earth panda lol
(22:46 / All) EaRtH_PaNdA: pink was retarded..
(23:12 / Allies) WesFSTGDB: keep running away like a fag